 Dungeon Crawl Stone Soup version 0.19.1 (webtiles) character file.

62 sveltemanboy the Caller (level 3, 0/24 HPs)
             Began as a Mummy Summoner on Dec 10, 2016.
             Slain by a giant cockroach (2 damage)
             ... on level 3 of the Dungeon.
             The game lasted 00:05:22 (2560 turns).

sveltemanboy the Caller (Mummy Summoner)            Turns: 2560, Time: 00:05:23

Health: 0/24       AC:  2    Str: 11    XL:     3   Next: 85%
Magic:  3/6        EV: 12    Int: 15    God:
Gold:   95         SH:  0    Dex: 12    Spells: 3 memorised, 0 levels left

rFire  x . .     SeeInvis .     f - +2 short sword (flame)
rCold  + . .     Gourm    .     a - +0 robe
rNeg   + + +     Faith    .     (no shield)
rPois  ∞         Spirit   .     (no helmet)
rElec  .         Reflect  .     (no cloak)
rCorr  .         Harm     .     (no gloves)
MR     .....     Rnd*Tele +     (no boots)
Stlth  ++........               (no amulet)
                                (no ring)
                                g - ring of teleportation (curse)

@: no status effects
A: no food or potions, fire vulnerability, cold resistance 1, negative energy
resistance 3, torment resistance, unbreathing
a: no special abilities


You were on level 3 of the Dungeon.
You were not hungry.

You visited 1 branch of the dungeon, and saw 4 of its levels.

You collected 95 gold pieces.

Inventory:

Hand Weapons
 d - a +0 spear
 f - a +2 short sword of flaming (weapon)
Missiles
 e - 5 tomahawks (quivered)
Armour
 a - a +0 robe (worn)
Jewellery
 g - a cursed ring of teleportation (left hand)
Scrolls
 h - a scroll of teleportation {unknown}
 i - 2 scrolls of identify {unknown}
 j - a scroll of random uselessness {unknown}
Books
 b - a book of Callings

   Spells                             Type                      Level
   a - Summon Small Mammal            Summoning                    1
   b - Call Imp                       Summoning                    2
   c - Call Canine Familiar           Summoning                    3
   d - Summon Guardian Golem          Hexes/Summoning              3
   e - Summon Lightning Spire         Summoning/Air                4
   f - Summon Ice Beast               Ice/Summoning                4


   Skills:
 + Level 0.5 Armour
 - Level 1.5 Dodging
 - Level 1.5 Stealth
 - Level 2.0 Spellcasting
 * Level 4.4 Summonings


You couldn't memorise any spells.
You knew the following spells:

 Your Spells              Type           Power        Failure   Level  Hunger
a - Summon Small Mammal   Summ           ##..         4%          1    N/A
b - Call Imp              Summ           ##......     8%          2    N/A
c - Call Canine Familiar  Summ           ##......     14%         3    N/A

Dungeon Overview and Level Annotations

Branches:
Dungeon (4/15)
 Temple: D:4-7

Altars:
The Shining One


Innate Abilities, Weirdness & Mutations

You do not eat or drink.
Your flesh is vulnerable to fire.
You are immune to poison.
Your flesh is cold resistant. (rC+)
You are immune to negative energy. (rN+++)
You are immune to unholy pain and torment.
You can survive without breathing.


Message History

Found a yellow potion.
The orc wizard points at you and mumbles some strange words.
You resist with some effort.
You hear a shout!
The jackal bites your quokka.
Your quokka closely misses the jackal.
The jackal bites your quokka.
Your quokka dies!
Your quokka's corpse disappears in a puff of smoke!
The jackal misses you. The jackal bites you.
* * * LOW HITPOINT WARNING * * *
The jackal bites you but does no damage.
There is a stone staircase leading up here.
The jackal bites you.
* * * LOW HITPOINT WARNING * * *
You climb upwards.
The giant cockroach barely misses you. The gnoll completely misses you.
The gnoll misses you.
The giant cockroach bites you but does no damage.
The giant cockroach bites you.
You die...

############## #
#............# #.
#............######.###
#...........%'.[......h
#....g.g.....# ######.#
#/....@h.....'.........
#....ss......########.#
#............# #.#
######.####### #.# ...
..# ### ### .. # #..
###### .........#


You could see 2 gnolls, a jackal and 2 giant cockroaches.

Vanquished Creatures
  2 adders
  A leopard gecko (D:1)
  3 bats
  5 goblins
  3 hobgoblins
  7 jackals
  5 frilled lizards
  5 kobolds
  6 rats
37 creatures vanquished.

Vanquished Creatures (collateral kills)
  A worm (D:2)
  2 jackals
  A kobold (D:4)
  A leopard gecko skeleton (D:4)
5 creatures vanquished.

Vanquished Creatures (others)
  A bat (D:2)
1 creature vanquished.

Grand Total: 43 creatures vanquished

Notes
Turn   | Place    | Note
-------+----------+-------------------------------------------
     0 | D:1      | sveltemanboy the Mummy Summoner began the quest for the Orb.
     0 | D:1      | Reached XP level 1. HP: 13/13 MP: 3/3
   225 | D:1      | Found a glowing golden altar of the Shining One.
   443 | D:1      | Reached XP level 2. HP: 18/19 MP: 5/5
   448 | D:1      | Learned a level 2 spell: Call Imp
  1008 | D:1      | Reached skill level 4 in Summonings
  1386 | D:2      | Reached XP level 3. HP: 15/24 MP: 2/6
  1489 | D:2      | Learned a level 3 spell: Call Canine Familiar
  2193 | D:3      | Found a faded altar of an unknown god.
  2512 | D:4      | HP: 1/24 [kobold (2)]
  2560 | D:3      | Slain by a giant cockroach

Skill      XL: |  1  2 |
---------------+-------+-----
Summonings     | 4 |  4.4
Armour         | |  0.5
Dodging        | |  1.5
Stealth        | |  1.5
Spellcasting   | |  2.0

Action                   || total
-------------------------++-------
Melee: Short sword       ||   104
Throw: Tomahawk          ||     5
 Cast: Summon Small Mamm ||    12
       Call Imp          ||     5
       Call Canine Famil ||     2
  Use: Scroll            ||     3
 Stab: Distracted        ||     1
       Sleeping          ||     2
Armor: Robe              ||    28
Dodge: Dodged            ||   104
